 Dungeon Crawl Stone Soup version 0.29-a0-297-g7659ce593d (webtiles) character file.

Game seed: 14958554869973191369

352 Dabor the Insei (level 6, 0/32 HPs)
             Began as a Vine Stalker Transmuter on Mar 21, 2022.
             Succumbed to a kobold's poison
             ... in a sewer.
             The game lasted 00:04:34 (3079 turns).

Dabor the Insei (Vine Stalker Transmuter)           Turns: 3079, Time: 00:04:34

Health: 0/32       AC:  4    Str: 14    XL:     6   Next: 61%
Magic:  4/12       EV: 13    Int: 13    God:
Gold:   64         SH:  0    Dex: 15    Spells: 9/12 levels left

rFire   . . .      SeeInvis .     - Unarmed
rCold   . . .      Faith    .   (no shield)
rNeg    . . .      Spirit   +   a - +1 robe
rPois   .          Reflect  .   (no helmet)
rElec   .          Harm     .   (no cloak)
rCorr   .          Rampage  .   b - +0 pair of gloves
Will    .....                   (no boots)
Stlth   +.........              (no amulet)
HPRegen 0.90/turn               (no ring)
MPRegen 0.13/turn               (no ring)

@: brilliant, lethally poisoned (0 -> -2), hasted, very quick
A: fangs 2, regeneration 1, magic shield, antimagic bite, no potion heal 2
a: no special abilities


You were in a sewer.
You visited 1 branch of the dungeon, and saw 3 of its levels.
You also visited: Sewer.

You collected 64 gold pieces.

Inventory:

Armour
 a - a +1 robe (worn)
 b - a +0 pair of gloves (worn)
Scrolls
 d - 3 scrolls of identify
Potions
 e - a potion of attraction
 f - a potion of degeneration {unknown}
 g - a potion of brilliance
 i - a potion of heal wounds {unknown}
 j - a potion of magic {unknown}
 k - a potion of mutation {unknown}


   Skills:
 + Level 2.5 Fighting
 + Level 2.9 Dodging
 + Level 4.1 Unarmed Combat
 + Level 3.5 Spellcasting
 + Level 3.5 Transmutations


You had 9 spell levels left.
You knew the following spells:

 Your Spells              Type           Power      Damage    Failure   Level
a - Beastly Appendage     Tmut           34%        N/A       5%          1
b - Wereblood             Tmut           17%        N/A       8%          2

Your spell library contained the following spells:

 Spells                   Type           Power      Damage    Failure   Level
 Spider Form              Tmut/Pois      10%        N/A       32%         3
 Ice Form                 Ice/Tmut       10%        N/A       71%         4


Dungeon Overview and Level Annotations

Branches:
Dungeon (3/15)              Sewer (1/1)

Altars:
Kikubaaqudgha
Nemelex Xobeh


Innate Abilities, Weirdness & Mutations

You have extremely sharp teeth.
Your natural rate of healing is unusually fast.
When hurt, damage is shared between your health and your magic reserves.
Your bite disrupts and absorbs the magic of your enemies.
Potions cannot restore your health.


Message History

The kobold brigand closely misses you.
You hit the kobold.
You kill the kobold!
You feel sick. The bat hits you. The ball python misses you.
The ball python barely misses you.
The kobold brigand hits you with a +0 dagger.
* * * LOW HITPOINT WARNING * * *
You hit the kobold but do no damage. You bite the kobold. You drain its power.
You feel invigorated.
The kobold is severely wounded.
You feel sick.
The ball python bites you but does no damage.
The ball python grabs you. The ball python constricts you.
The kobold brigand barely misses you. The kobold barely misses you.
The kobold hits you with a +0 short sword.
* * * LOW HITPOINT WARNING * * *
You closely miss the kobold. Your bite misses the kobold.
The kobold is severely wounded.
You feel sick.
The ball python bites you but does no damage.
The ball python constricts you.
The kobold brigand hits you with a +0 dagger.
* * * LOW HITPOINT WARNING * * *
The kobold hits you with a +2 short sword of venom.
* * * LOW HITPOINT WARNING * * *
You are lethally poisoned!
The kobold hits you with a +0 short sword.
* * * LOW HITPOINT WARNING * * *
As you read the scroll of fear, it crumbles to dust.
You assume a fearsome visage.
The bat looks frightened!
The ball python looks frightened!
The kobold brigand looks frightened!
The kobold looks frightened! x2
* * * LOW HITPOINT WARNING * * *
You feel sick. The ball python loses its grip on you.
It was a potion of brilliance.
You feel clever all of a sudden.
* * * LOW HITPOINT WARNING * * *
You feel sick.
It was a potion of haste.
You feel yourself speed up.
You die...

≈#....).#...#......
#≈≈≈≈≈≈≈≈≈≈.......≈≈≈≈
#≈≈≈#≈≈≈≈≈≈#.))#≈≈≈
#############'####
##########S).##########
##b≈≈K≈≈#...§...#≈≈≈≈≈≈#
#?......K.......'.).....
!.....))'.§._.§.'.)....)
#!..K..@'.......'.......
##≈≈≈≈≈≈#..§.§).#≈≈≈≈≈≈#
#########.....#########
##'''## #≈...≈# #≈...≈#
#≈...≈# #≈...≈# #≈...≈#


You could see a kobold brigand (fleeing), a bat (summoned, fleeing), a ball
python (summoned, fleeing) and 2 kobolds.

Vanquished Creatures
  Grinder (Sewer)
  A kobold brigand (Sewer)
  A quasit (Sewer)
  4 adders
  A shadow imp (Sewer)
  2 ufetubi (Sewer)
  3 dart slugs
  3 orcs
  12 ball pythons
  2 bats
  4 endoplasms
  4 giant cockroaches
  5 goblins
  5 hobgoblins
  4 jackals (D:2)
  24 kobolds
  2 quokkas (D:2)
  3 frilled lizards
  3 kobold zombies (Sewer)
  6 rats
90 creatures vanquished.

Vanquished Creatures (others)
  An ufetubus (Sewer)
1 creature vanquished.

Grand Total: 91 creatures vanquished

Notes
Turn   | Place    | Note
-------+----------+-------------------------------------------
     0 | D:1      | Dabor the Vine Stalker Transmuter began the quest for the
                  | Orb.
     0 | D:1      | Reached XP level 1. HP: 9/9 MP: 4/4
    35 | D:1      | Reached skill level 1 in Fighting
    73 | D:1      | Reached XP level 2. HP: 1/14 MP: 3/6
  1041 | D:1      | Learned a level 2 spell: Wereblood
  1053 | D:1      | Reached XP level 3. HP: 15/18 MP: 7/7
  2095 | D:2      | Gained mutation: Your natural rate of healing is unusually
                  | fast. [Vine Stalker growth]
  2095 | D:2      | Reached XP level 4. HP: 22/22 MP: 9/9
  2108 | D:2      | Found an ancient bone altar of Kikubaaqudgha.
  2531 | D:3      | Found a sparkling altar of Nemelex Xobeh.
  2570 | D:3      | Found a glowing drain.
  2588 | Sewer    | Entered a sewer
  2690 | Sewer    | Reached XP level 5. HP: 25/26 MP: 7/10
  2720 | Sewer    | Found a burning altar of Makhleb.
  2720 | Sewer    | Noticed a kobold brigand
  2737 | Sewer    | Killed a kobold brigand
  2917 | Sewer    | Reached XP level 6. HP: 30/30 MP: 8/11
  2949 | Sewer    | Noticed Grinder
  2967 | Sewer    | Reached skill level 4 in Unarmed Combat
  2970 | Sewer    | Killed Grinder
  3078 | Sewer    | HP: 1/32 [poisoned by a kobold]
  3079 | Sewer    | Succumbed to a kobold's poison

Illustrated notes

Levels and vault maps discovered:
D:1:      minmay_arrival_stone_box, layout_rooms,
          shapermc_ecumenical_altar_petra
D:2:      layout_basic, basic_altar, minmay_distorted
D:3:      layout_rooms, nicolae_overflow_crystal_walls,
          cheibrodos_sewer_entry_sluice
Sewer:    kennysheep_sewer_church

Skill      XL: |  1  2  3  4  5  6 |
---------------+-------------------+-----
Fighting       | 1 2 |  2.5
Dodging        | 2 |  2.9
Spellcasting   | 3 |  3.5
Transmutations | 3 |  3.5
Unarmed Combat | 4 |  4.1

Action                   |  1- 3 |  4- 6 || total
-------------------------+-------+-------++-------
Melee: Unarmed           |    91 |   144 ||   235
       Bite              |    12 |    38 ||    50
       Kick              |    10 |    16 ||    26
       Headbutt          |     5 |     7 ||    12
       Punch             |       |     2 ||     2
 Cast: Beastly Appendage |    16 |     9 ||    25
       Wereblood         |     4 |     6 ||    10
  Use: Scroll            |     2 |     2 ||     4
       Potion            |     1 |     2 ||     3
 Stab: Sleeping          |     3 |       ||     3
Armor: Robe              |    15 |    54 ||    69
Dodge: Dodged            |    57 |   150 ||   207

Table legend: (Time is in decaauts)
 A = Elapsed time spent in this place.
 B = Non-inter-level travel time spent in this place.
 C = Inter-level travel time spent in this place.
 D = Time resting spent in this place.
 E = Time spent auto-exploring this place.
 F = Levels seen in this place.
 G = Mean time per level.
                   A        B        C        D        E       F      G
               +--------+--------+--------+--------+--------+-----+--------+
         Total |   3073 |   3042 |     31 |    949 |   1465 |   4 |  768.2 |
       Dungeon |   2578 |   2547 |     31 |    754 |   1377 |   3 |  859.3 |
         Sewer |    494 |    494 |      0 |    195 |     88 |   1 |  494.0 |
               +--------+--------+--------+--------+--------+-----+--------+

Top non-repeatable levels by time:
     D:1: 1251 daAuts
     D:2: 1244 daAuts
   Sewer: 494 daAuts
     D:3: 82 daAuts
